 Dungeon Crawl Stone Soup version 0.29.1-2-gbd0b4ee654 (console) character file.

Game seed: 6695709997167816392

4 Zarnosh the Caller (level 1, 0/14 HPs)
             Began as a Demigod Summoner on Oct 28, 2022.
             Succumbed to a goblin's poison
             ... on level 1 of the Dungeon.
             The game lasted 00:01:20 (377 turns).

Zarnosh the Caller (Demigod Summoner)                Turns: 377, Time: 00:01:20

Health: 0/14       AC:  2    Str:  9    XL:     1   Next: 46%
Magic:  3/5        EV: 12    Int: 17    God:
Gold:   6          SH:  0    Dex: 14    Spells: 2/3 levels left

rFire   . . .      SeeInvis .   (no weapon)
rCold   . . .      Faith    .   (no shield)
rNeg    . . .      Spirit   .   a - +0 robe
rPois   .          Reflect  .   (no helmet)
rElec   .          Harm     .   (no cloak)
rCorr   .          Rampage  .   (no gloves)
Will    .....                   (no boots)
Stlth   ++........              (no amulet)
HPRegen 0.04/turn               c - ring of wizardry
MPRegen 0.09/turn               (no ring)

@: lethally poisoned (0 -> -15)
A: high MP 1, forlorn, divine attributes
a: no special abilities


You were on level 1 of the Dungeon.
You visited 1 branch of the dungeon, and saw 1 of its levels.

You collected 6 gold pieces.

Inventory:

Armour
 a - a +0 robe (worn)
Jewellery
 c - a ring of wizardry (left hand)
Scrolls
 d - 3 scrolls of identify {unknown}
Potions
 b - a potion of magic
 e - a potion of might {unknown}


   Skills:
 + Level 1.7 Dodging
 + Level 1.7 Stealth
 + Level 1.8 Spellcasting
 + Level 3.8 Summonings


You had 2 spell levels left.
You knew the following spells:

 Your Spells              Type           Power      Damage    Failure   Level
a - Summon Small Mammal   Summ           56%        N/A       1%          1

Your spell library contained the following spells:

 Spells                   Type           Power      Damage    Failure   Level
 Call Imp                 Summ           14%        N/A       2%          2
 Call Canine Familiar     Summ           14%        N/A       4%          3
 Summon Guardian Golem    Hex/Summ       8%         N/A       11%         3
 Summon Lightning Spire   Summ/Air       8%         N/A       32%         4


Dungeon Overview and Level Annotations

Branches:
Dungeon (1/15)


Innate Abilities, Weirdness & Mutations

You have an increased reservoir of magic. (+10% MP)
You shall have no god before yourself.
Your divine heritage dramatically boosts your attributes as you level up.


Message History

You hit the rat but do no damage. The rat bites you.
You closely miss the rat. The rat bites you.
You hit the rat.
The rat is heavily wounded.
Your quokka barely misses the rat.
The rat barely misses you.
Your rat barely misses the rat.
Your quokka barely misses the rat.
You hit the rat but do no damage.
The rat is heavily wounded.
The rat closely misses you.
Your quokka bites the rat but does no damage.
Your rat barely misses the rat.
You closely miss the rat.
The rat is heavily wounded.
The rat misses you.
Your quokka closely misses the rat.
Your rat bites the rat.
The rat dies!
e - a coppery potion Your rat disappears in a puff of smoke!
Your quokka disappears in a puff of smoke!
Found a stone staircase leading down.
A goblin and an endoplasm come into view.
The goblin is wielding a +2 dagger of venom.
There is a stone staircase leading down here.
The endoplasm quivers.
The goblin hits you with a +2 dagger of venom.
The endoplasm attacks as you move away! The endoplasm hits you.
Casting: Summon Small Mammal (safe; 1% risk of failure)
Confirm with . or Enter, or press ? or * to list all spells.
The goblin hits you with a +2 dagger of venom.
You are lethally poisoned!
The endoplasm hits you but does no damage.
Casting: Summon Small Mammal (safe; 1% risk of failure)
Confirm with . or Enter, or press ? or * to list all spells.
You feel very sick.
Your bat hits the goblin. The endoplasm freezes you.
You are frozen.
The goblin hits you with a +2 dagger of venom.
* * * LOW HITPOINT WARNING * * *
You are more poisoned.
The goblin attacks as you move away! The goblin closely misses you.
You die...

#.....# #.. #.8...#
#.. #.._..# ####.#
#.8...# #....#
#.....# #....#
##..### #....#
##.#####....#
##+####............
#.....#............
#.r...#.......##...
#b@♣♣♣♣♣♣♣♣♣..##.##
#.>...........##...
#gJ♣♣♣♣♣♣♣♣♣..##†.#
#.....#.......##..#
#.....#.......##...
#.....#.......##.##
#.....##########.#
......# ..#
.#...... ..# P
....... ♣. P......


You could see an endoplasm (ally target), a goblin (ally target), a friendly bat
(summoned) and a friendly rat (summoned).

Vanquished Creatures (collateral kills)
  3 jackals (D:1)
  A rat (D:1)
4 creatures vanquished.

Notes
Turn   | Place    | Note
-------+----------+-------------------------------------------
     0 | D:1      | Zarnosh the Demigod Summoner began the quest for the Orb.
     0 | D:1      | Reached XP level 1. HP: 14/14 MP: 5/5
   377 | D:1      | Succumbed to a goblin's poison

Illustrated notes

Levels and vault maps discovered:
D:1:      dpeg_arrival_simpleton_c, layout_basic,
          dreamdust_ecumenical_altar_statues, serial_forest,
          infiniplex_forest_straight_3, infiniplex_forest_clump_medium,
          infiniplex_forest_lined_2, infiniplex_forest_clump_double,
          infiniplex_forest_corner_2, infiniplex_forest_clump_tiny,
          infiniplex_forest_clump_long, infiniplex_forest_clump_small,
          minmay_strange_pillars, supply_closet_lemuel

Action                   || total
-------------------------++-------
Melee: Unarmed           ||    16
 Cast: Summon Small Mamm ||    11
Armor: Robe              ||     6
Dodge: Dodged            ||    16
